| TOP OF THE 1ST |
|
Louisville Bats batting - Pitching for Sacramento River Cats : RHP Tim Welshman
|
|
Pitching: RHP Tim Welshman
|
|
|
Batting: RHB Takanibu Kaneshiro
|
0-0: Ball 1-0: Foul Ball, location: 2F 1-1: Ball 2-1: Ground out 5-3 (Groundball, 56, EV 87.5 MPH)
|
|
Batting: RHB Won-jun Park
|
0-0: Ground out 4-3 (Groundball, 4, EV 86.2 MPH)
|
|
Batting: RHB Bruno André
|
0-0: Ball 1-0: Swinging Strike 1-1: Ball 2-1: Ball 3-1: Base on Balls
|
|
Batting: RHB Juan Reyes
|
0-0: Called Strike 0-1: Called Strike 0-2: Fielders Choice at 2nd, 6-4 (Groundball, 56, EV 103.8 MPH)
|
| Top of the 1st over - 0 runs, 0 hits, 0 errors, 1 left on base; Louisville 0 - Sacramento 0 |
| BOTTOM OF THE 1ST |
|
Sacramento River Cats batting - Pitching for Louisville Bats : LHP Edwin Pacheco
|
|
Pitching: LHP Edwin Pacheco
|
|
|
Batting: RHB Curt Earnest
|
0-0: Fly out, F9 (Flyball, 9, EV 82.5 MPH)
|
|
Batting: RHB Sterling Acosta
|
0-0: SOLO HOME RUN (Flyball, 9D, EV 104.4 MPH), Distance : 391 ft
|
|
Batting: RHB Brian Rogers
|
0-0: Called Strike 0-1: Ball 1-1: DOUBLE (Flyball, 9LD, EV 110.6 MPH)
|
|
Batting: RHB Justin Bonner
|
0-0: Ball 1-0: Ball 2-0: Fly out, F6 (Popup, 6, EV 73.1 MPH)
|
|
Batting: RHB Troy Trice
|
0-0: Swinging Strike 0-1: Ball 1-1: Fly out, F9 (Flyball, 9D, EV 98.1 MPH)
|
| Bottom of the 1st over - 1 run, 2 hits, 0 errors, 1 left on base; Louisville 0 - Sacramento 1 |
| TOP OF THE 2ND |
|
Louisville Bats batting - Pitching for Sacramento River Cats : RHP Tim Welshman
|
|
Batting: LHB Leo Gomez
|
0-0: Called Strike 0-1: Ball 1-1: SINGLE (Groundball, 4MD, EV 102.5 MPH)
|
|
Batting: LHB Jared Paige
|
0-0: Ball Leo Gomez steals 2nd base 1-0: Ball 2-0: Ball 3-0: Called Strike 3-1: Called Strike 3-2: Fly out, F8 (Flyball, 8RD, EV 108.1 MPH)
|
|
Batting: SHB Paul Sandoval
|
0-0: Ball 1-0: Foul Ball, location: 2F 1-1: Ball Leo Gomez is caught stealing 3rd base 2-5 2-1: Foul Ball, location: 2F 2-2: Foul Ball, location: 2F 2-2: Ball 3-2: Base on Balls
|
|
Batting: RHB Danny Real
|
0-0: Ball 1-0: Ball 2-0: Called Strike 2-1: Foul Ball, location: 2F 2-2: Strikes out looking
|
| Top of the 2nd over - 0 runs, 1 hit, 0 errors, 1 left on base; Louisville 0 - Sacramento 1 |
| BOTTOM OF THE 2ND |
|
Sacramento River Cats batting - Pitching for Louisville Bats : LHP Edwin Pacheco
|
|
Batting: RHB Tyler Mapes
|
0-0: Ball 1-0: Ball 2-0: Foul Ball, location: 2F 2-1: Fly out, F6 (Popup, 6, EV 69.4 MPH)
|
|
Batting: SHB Dan Hill
|
0-0: Called Strike 0-1: Swinging Strike 0-2: SINGLE (Groundball, 56S, EV 72.5 MPH) (infield hit)
|
|
Batting: SHB Carlos Rodriguez
|
0-0: Called Strike 0-1: Fielders Choice at 2nd, 6-4 (Groundball, 6, EV 84.4 MPH)
|
|
Batting: LHB Franklin Quezada
|
0-0: Ball 1-0: Called Strike Carlos Rodriguez steals 2nd, throwing error, E2 Carlos Rodriguez to third 1-1: Foul Ball, location: 2F 1-2: Ball 2-2: Ball 3-2: Strikes out looking
|
| Bottom of the 2nd over - 0 runs, 1 hit, 1 error, 1 left on base; Louisville 0 - Sacramento 1 |
| TOP OF THE 3RD |
|
Louisville Bats batting - Pitching for Sacramento River Cats : RHP Tim Welshman
|
|
Batting: RHB Ben Hinman
|
0-0: Called Strike 0-1: Called Strike 0-2: Fly out, F9 (Flyball, 9D, EV 105.0 MPH)
|
|
Batting: RHB Takanibu Kaneshiro
|
0-0: Ball 1-0: Called Strike 1-1: Fly out, F4 (Popup, 34S, EV 90.6 MPH)
|
|
Batting: RHB Won-jun Park
|
0-0: Ball 1-0: Ground out 4-3 (Groundball, 4M, EV 87.5 MPH)
|
| Top of the 3rd over - 0 runs, 0 hits, 0 errors, 0 left on base; Louisville 0 - Sacramento 1 |
| BOTTOM OF THE 3RD |
|
Sacramento River Cats batting - Pitching for Louisville Bats : LHP Edwin Pacheco
|
|
Batting: RHB Curt Earnest
|
0-0: Ball 1-0: Foul Ball, location: 2F 1-1: Ground out 5-3 (Groundball, 56S, EV 81.9 MPH)
|
|
Batting: RHB Sterling Acosta
|
0-0: Swinging Strike 0-1: Swinging Strike 0-2: Foul Ball, location: 2F 0-2: Ball 1-2: Foul Ball, location: 2F 1-2: Foul Ball, location: 2F 1-2: Strikes out swinging
|
|
Batting: RHB Brian Rogers
|
0-0: Swinging Strike 0-1: Ball 1-1: Called Strike 1-2: Strikes out swinging
|
| Bottom of the 3rd over - 0 runs, 0 hits, 0 errors, 0 left on base; Louisville 0 - Sacramento 1 |
| TOP OF THE 4TH |
|
Louisville Bats batting - Pitching for Sacramento River Cats : RHP Tim Welshman
|
|
Batting: RHB Bruno André
|
0-0: Called Strike 0-1: Ball 1-1: Ground out 6-3 (Groundball, 6M, EV 80.0 MPH)
|
|
Batting: RHB Juan Reyes
|
0-0: Foul Ball, location: 2F 0-1: Ball 1-1: Called Strike 1-2: Strikes out swinging
|
|
Batting: LHB Leo Gomez
|
0-0: Ball 1-0: Foul Ball, location: 2F 1-1: Ground out 4-3 (Groundball, 4, EV 88.1 MPH)
|
| Top of the 4th over - 0 runs, 0 hits, 0 errors, 0 left on base; Louisville 0 - Sacramento 1 |
| BOTTOM OF THE 4TH |
|
Sacramento River Cats batting - Pitching for Louisville Bats : LHP Edwin Pacheco
|
|
Batting: RHB Justin Bonner
|
0-0: Called Strike 0-1: Ball 1-1: Called Strike 1-2: Strikes out swinging
|
|
Batting: RHB Troy Trice
|
0-0: Ball 1-0: Ball 2-0: Swinging Strike 2-1: Foul Ball, location: 2F 2-2: Ball 3-2: Ground out 4-3 (Groundball, 34, EV 100.0 MPH)
|
|
Batting: RHB Tyler Mapes
|
0-0: Fly out, F7 (Flyball, 7LS, EV 86.9 MPH)
|
| Bottom of the 4th over - 0 runs, 0 hits, 0 errors, 0 left on base; Louisville 0 - Sacramento 1 |
| TOP OF THE 5TH |
|
Louisville Bats batting - Pitching for Sacramento River Cats : RHP Tim Welshman
|
|
Batting: LHB Jared Paige
|
0-0: Called Strike 0-1: Ball 1-1: Called Strike 1-2: Ball 2-2: Strikes out looking
|
|
Batting: SHB Paul Sandoval
|
0-0: Foul Ball, location: 2F 0-1: Ball 1-1: Ground out 1-3 (Groundball, 34S, EV 64.4 MPH)
|
|
Batting: RHB Danny Real
|
0-0: Ball 1-0: Swinging Strike 1-1: Called Strike 1-2: Strikes out swinging
|
| Top of the 5th over - 0 runs, 0 hits, 0 errors, 0 left on base; Louisville 0 - Sacramento 1 |
| BOTTOM OF THE 5TH |
|
Sacramento River Cats batting - Pitching for Louisville Bats : LHP Edwin Pacheco
|
|
Batting: SHB Dan Hill
|
0-0: Swinging Strike 0-1: Swinging Strike 0-2: Ball 1-2: Strikes out looking
|
|
Batting: SHB Carlos Rodriguez
|
0-0: Ball 1-0: Foul Ball, location: 2F 1-1: Foul Ball, location: 2F 1-2: Ground out 6-3 (Groundball, 6M, EV 85.6 MPH)
|
|
Batting: LHB Franklin Quezada
|
0-0: Called Strike 0-1: Ball 1-1: Ball 2-1: Swinging Strike 2-2: Foul Ball, location: 2F 2-2: Ground out 5-3 (Groundball, 56, EV 105.0 MPH)
|
| Bottom of the 5th over - 0 runs, 0 hits, 0 errors, 0 left on base; Louisville 0 - Sacramento 1 |
| TOP OF THE 6TH |
|
Louisville Bats batting - Pitching for Sacramento River Cats : RHP Tim Welshman
|
|
Batting: RHB Ben Hinman
|
0-0: Ball 1-0: Called Strike 1-1: Ball 2-1: Foul Ball, location: 2F 2-2: Strikes out swinging
|
|
Batting: RHB Takanibu Kaneshiro
|
0-0: Called Strike 0-1: Ground out 5-3 (Groundball, 56S, EV 80.6 MPH)
|
|
Batting: RHB Won-jun Park
|
0-0: Called Strike 0-1: Ball 1-1: Ground out 4-3 (Groundball, 4, EV 82.5 MPH)
|
| Top of the 6th over - 0 runs, 0 hits, 0 errors, 0 left on base; Louisville 0 - Sacramento 1 |
| BOTTOM OF THE 6TH |
|
Sacramento River Cats batting - Pitching for Louisville Bats : LHP Edwin Pacheco
|
|
Batting: RHB Curt Earnest
|
0-0: Bunt for hit to 13S - play at first, batter OUT! 1-3
|
|
Batting: RHB Sterling Acosta
|
0-0: Called Strike 0-1: Ball 1-1: Called Strike 1-2: SOLO HOME RUN (Flyball, 8LXD, EV 112.5 MPH), Distance : 456 ft
|
|
Batting: RHB Brian Rogers
|
0-0: Foul Ball, location: 2F 0-1: Ball 1-1: SINGLE (Line Drive, 6MD, EV 97.5 MPH)
|
|
Batting: RHB Justin Bonner
|
0-0: Ball 1-0: Grounds into double play, 6-4-3 (Groundball, 6, EV 85.6 MPH)
|
| Bottom of the 6th over - 1 run, 2 hits, 0 errors, 0 left on base; Louisville 0 - Sacramento 2 |
| TOP OF THE 7TH |
|
Louisville Bats batting - Pitching for Sacramento River Cats : RHP Tim Welshman
|
|
Now at 1B: Jose Rivera
|
|
|
Now at 2B: Steve Jones
|
|
|
Batting: RHB Bruno André
|
0-0: Called Strike 0-1: Swinging Strike 0-2: Ball 1-2: Ground out 5-3 (Groundball, 56, EV 84.4 MPH)
|
|
Batting: RHB Juan Reyes
|
0-0: Foul Ball, location: 2F 0-1: Ball 1-1: Ball 2-1: Ball 3-1: Called Strike 3-2: Base on Balls
|
|
Batting: LHB Leo Gomez
|
0-0: Called Strike 0-1: Called Strike 0-2: Strikes out swinging
|
|
Batting: LHB Jared Paige
|
0-0: Called Strike 0-1: Called Strike 0-2: Strikes out swinging
|
| Top of the 7th over - 0 runs, 0 hits, 0 errors, 1 left on base; Louisville 0 - Sacramento 2 |
| BOTTOM OF THE 7TH |
|
Sacramento River Cats batting - Pitching for Louisville Bats : LHP Edwin Pacheco
|
|
Batting: RHB Troy Trice
|
0-0: Ball 1-0: Called Strike 1-1: Called Strike 1-2: Strikes out swinging
|
|
Batting: RHB Tyler Mapes
|
0-0: Swinging Strike 0-1: Ball 1-1: SINGLE (Groundball, 56D, EV 97.5 MPH)
|
|
Batting: SHB Dan Hill
|
0-0: DOUBLE (Line Drive, 78XD, EV 93.8 MPH) Tyler Mapes to third
|
|
Batting: SHB Carlos Rodriguez
|
0-0: Intentional Walk
|
|
Batting: LHB Franklin Quezada
|
0-0: Swinging Strike 0-1: Grounds into fielders choice 4-2 (Groundball, 4, EV 104.4 MPH) Dan Hill to third Carlos Rodriguez to second
|
|
Batting: RHB Curt Earnest
|
0-0: Ball 1-0: Ball 2-0: Ball 3-0: Base on Balls Dan Hill scores Carlos Rodriguez to third Franklin Quezada to second
|
|
Batting: RHB Sterling Acosta
|
0-0: Foul Ball, location: 2F 0-1: Foul Ball, location: 2F 0-2: Ball 1-2: Strikes out swinging
|
| Bottom of the 7th over - 1 run, 2 hits, 0 errors, 3 left on base; Louisville 0 - Sacramento 3 |
| TOP OF THE 8TH |
|
Louisville Bats batting - Pitching for Sacramento River Cats : RHP Tim Welshman
|
|
Batting: SHB Paul Sandoval
|
0-0: SINGLE (Groundball, 6MD, EV 97.5 MPH)
|
|
Batting: RHB Danny Real
|
0-0: Ball 1-0: Ball 2-0: Fielders Choice at 2nd, 6-4 (Groundball, 6, EV 88.8 MPH)
|
|
Pinch Hitting: SHB Freddie Farrar
|
0-0: Ball 1-0: Grounds into double play, 4-6-3 (Groundball, 34, EV 101.2 MPH)
|
| Top of the 8th over - 0 runs, 1 hit, 0 errors, 0 left on base; Louisville 0 - Sacramento 3 |
| BOTTOM OF THE 8TH |
|
Sacramento River Cats batting - Pitching for Louisville Bats : LHP Edwin Pacheco
|
|
Now at 1B: Ray Walden
|
|
|
Batting: RHB Jose Rivera
|
0-0: Foul Ball, location: 2F 0-1: Swinging Strike 0-2: Strikes out swinging
|
|
Pitching: RHP Pedro Torres
|
|
|
Batting: RHB Steve Jones
|
0-0: Foul Ball, location: 2F 0-1: Ball 1-1: Ball 2-1: Ground out 5-3 (Groundball, 56, EV 78.1 MPH)
|
|
Batting: RHB Troy Trice
|
0-0: Ball 1-0: Ball 2-0: Called Strike 2-1: Ball 3-1: Foul Ball, location: 2F 3-2: Strikes out swinging
|
| Bottom of the 8th over - 0 runs, 0 hits, 0 errors, 0 left on base; Louisville 0 - Sacramento 3 |
| TOP OF THE 9TH |
|
Louisville Bats batting - Pitching for Sacramento River Cats : RHP Tim Welshman
|
|
Pitching: RHP Harry Dickson
|
|
|
Batting: RHB Takanibu Kaneshiro
|
0-0: Called Strike 0-1: Ground out 1-3 (Groundball, 13S, EV 60.6 MPH)
|
|
Batting: RHB Won-jun Park
|
0-0: SINGLE (Groundball, 6D, EV 104.4 MPH)
|
|
Batting: RHB Bruno André
|
0-0: Ball 1-0: Foul Ball, location: 2F 1-1: Grounds into double play, 5-4-3 (Groundball, 56, EV 83.1 MPH)
|
| Top of the 9th over - 0 runs, 1 hit, 0 errors, 0 left on base; Louisville 0 - Sacramento 3 |
|